Hurricanes vs Senators

Created - April-06-13 at 10:21

Goals
1 2 3 T
Hurricanes 2 0 0 2
Senators 0 4 1 5
Shots
1 2 3 T
Hurricanes 11 4 2 17
Senators 7 20 14 41

1st period

1. Hurricanes , Anton Volchenkov 12 (Filip Kuba, Jarome Iginla) at 7:39 (PP)
2. Hurricanes , Daniel Winnik 6 (Ryan Wilson, Jeff Halpern) at 18:41

Penalties :
Maxim Lapierre (CAR) for Goalie Interference (Minor) at 2:37, Guillaume Latendresse (OTT) for Hooking (Minor) at 7:13, Adrian Aucoin (OTT) for Hooking (Minor) at 8:12

2nd period

3. Senators , David Clarkson 8 (Adrian Aucoin, Jason Spezza) at 2:34
4. Senators , James Neal 29 (Sidney Crosby, Jim OBrien) at 10:58
5. Senators , Daniel Sedin 39 (Claude Giroux, Anton Stralman) at 14:40
6. Senators , James Neal 30 (Sidney Crosby, Dion Phaneuf) at 17:07 (PP)

Penalties :
David Clarkson (OTT) for High sticking (Double Minor) at 3:03, Ryan Wilson (CAR) for High sticking (Minor) at 5:36, Jesse Winchester (CAR) for Tripping (Minor) at 15:31, Jason Chimera (CAR) for High sticking (Minor) at 17:26

3rd period

7. Senators , Anton Stralman 10 (Sidney Crosby, Joni Pitkanen) at 11:07 (PP)

Penalties :
Jesse Winchester (CAR) for Tripping (Minor) at 4:16, Ryan Wilson (CAR) for High sticking (Minor) at 10:20, Chad LaRose (CAR) for High sticking (Minor) at 17:21

Goalie Stats

Mike Smith (CAR), 36 saves from 41 shots - (0.878), L, 45-29-6, 60:00 minutes
Carey Price (OTT), 15 saves from 17 shots - (0.882), W, 25-21-4, 60:00 minutes

Players Stats for Hurricanes

Player Name              G  A  P  +/- PIM S  H  SB GA TA FO     MP     PP MP  PK MP  
------------------------------------------------------------------------------------
Anton Volchenkov         1  0  1  -2  0   1  1  3  0  0  0/0    22:13   2:04   5:47 
Chad LaRose              0  0  0  -1  2   1  3  0  0  0  2/3    16:32   2:12   0:00 
Daniel Winnik            1  0  1   0  0   1  0  0  0  0  0/3    13:02   0:00   5:41 
Darroll Powe             0  0  0   0  0   1  0  0  0  0  6/10   14:44   2:12   5:11 
Duncan Keith             0  0  0  -1  0   3  6  3  0  0  0/0    24:48   2:54   5:05 
Eric Staal               0  0  0  -1  0   1  0  0  0  0  11/23  18:25   0:00   4:04 
Filip Kuba               0  1  1  -1  0   0  1  0  0  0  0/0    25:24   2:04   5:05 
Jarome Iginla            0  1  1  -1  0   3  0  0  0  0  0/1    17:59   2:12   0:00 
Jason Chimera            0  0  0  -1  2   1  0  0  0  0  1/1    17:39   2:46   0:00 
Jeff Halpern             0  1  1   0  0   0  0  0  0  0  6/15   15:35   0:00   6:48 
Jesse Winchester         0  0  0  -1  4   0  0  2  0  0  5/15   14:52   0:00   0:00 
Joffrey Lupul            0  0  0  -1  0   0  2  1  0  0  1/1    17:40   2:46   0:00 
Matt Greene              0  0  0  -2  0   1  3  1  0  0  0/0    20:09   0:00   5:47 
Maxim Lapierre           0  0  0   0  2   0  2  0  0  0  0/3     8:53   2:46   0:00 
Ryan Wilson              0  1  1   1  4   2  0  1  0  0  0/0    14:25   2:53   0:00 
Shane OBrien             0  0  0   1  0   0  6  1  0  0  0/0    12:59   0:00   0:00 
Sheldon Brookbank        0  0  0   0  0   1  0  0  0  0  0/1     6:08   0:00   0:00 
Warren Peters            0  0  0   0  0   1  0  0  0  0  8/9     6:08   0:00   0:00 

Players Stats for Senators

Player Name              G  A  P  +/- PIM S  H  SB GA TA FO     MP     PP MP  PK MP  
------------------------------------------------------------------------------------
Adrian Aucoin            0  1  1   3  2   1  1  2  0  0  0/0    16:59   0:00   1:58 
Anton Stralman           1  1  2   3  0   1  0  1  0  0  0/0    21:28   6:22   0:04 
Claude Giroux            0  1  1   1  0   4  0  0  0  0  6/15   18:28   4:29   0:00 
Colin White              0  0  0   0  0   3  0  0  0  0  0/0    15:55   4:30   2:20 
Craig Adams              0  0  0   1  0   1  2  0  0  0  2/4    15:55   0:00   2:35 
Daniel Sedin             1  0  1   1  0   2  0  0  0  0  2/3    19:26   4:29   0:58 
David Clarkson           1  0  1   0  4   3  6  0  0  0  0/1    19:13   6:23   0:00 
Dion Phaneuf             0  1  1  -1  0   0  2  1  0  0  0/0    19:11   4:30   0:00 
Guillaume Latendresse    0  0  0   0  2   2  0  0  0  0  1/1    14:59   0:00   2:09 
James Neal               2  0  2   1  0   9  3  0  0  0  0/0    18:31   6:23   0:00 
Jared Cowen              0  0  0   0  0   0  0  0  0  0  0/0    17:00   0:00   2:33 
Jason Spezza             0  1  1   0  0   2  0  0  0  0  18/28  17:20   4:29   0:00 
Jay Pandolfo             0  0  0   0  0   1  0  0  0  0  1/6     7:03   0:00   1:51 
Jim OBrien               0  1  1   1  0   1  0  0  0  0  1/1    17:05   0:00   0:32 
Joni Pitkanen            0  1  1   0  0   1  0  0  0  0  0/0    20:49   6:22   0:00 
Kaspars Daugavins        0  0  0   0  0   1  1  0  0  0  0/0     7:03   0:00   1:51 
Sidney Crosby            0  3  3   1  0   8  0  0  0  0  14/26  18:31   6:23   0:00 
Steve Staios             0  0  0  -1  0   1  0  1  0  0  0/0     8:37   0:00   3:01 

3 Stars

1 - James Neal (OTT)
2 - Anton Stralman (OTT)
3 - Sidney Crosby (OTT)

Power Play

Hurricanes - 1 on 4 Attempt(s) - 25.00%
Senators - 2 on 7 Attempt(s) - 28.57%

Penalty Kill

Hurricanes - 5 on 7 Attempt(s) - 71.43% - Score 0 goal in Penalty Kill
Senators - 3 on 4 Attempt(s) - 75.00% - Score 0 goal in Penalty Kill

Official

Referees : Brad Watson and Rob Martell
Linesman : Andy McElman and Pierre Champoux

Game Notes

No Game Note

Finance

Level 1 -- Attendance: 6111 (94.02%) -- Ticket Income $611,100
Level 2 -- Attendance: 5000 (100.00%) -- Ticket Income $300,000
Level 3 -- Attendance: 3322 (94.91%) -- Ticket Income $116,270
Level 4 -- Attendance: 2906 (92.17%) -- Ticket Income $87,180
Luxury Box -- Attendance: 856 (85.60%) -- Ticket Income $214,000
Game was played at the Scotiabank Place
Total Attendance: 18195 (95.00%)
Total Ticket Income: $1,328,550
Other Income: $199,282
Total Income: $1,527,832


% Time on Ice - Hurricanes

Lines # - Real PCT - Wanted PCT - Time Play
Normal Forward
1 - 34% - 35% - 14:21
2 - 35% - 35% - 14:54
3 - 17% - 20% - 7:21
4 - 14% - 10% - 6:08
Normal Defense
1 - 32% - 35% - 13:44
2 - 34% - 35% - 14:22
3 - 27% - 15% - 11:33
4 - 7% - 15% - 3:05
PP Forward
1 - 44% - 50% - 2:12
2 - 56% - 50% - 2:46
PP Defense
1 - 58% - 50% - 2:54
2 - 42% - 50% - 2:04
PK Forward
1 - 52% - 50% - 5:41
2 - 48% - 50% - 5:11
PK Defense
1 - 47% - 50% - 5:05
2 - 53% - 50% - 5:47
PK3 Forward
1 - 0% - 50%
2 - 0% - 50%
PK3 Defense
1 - 0% - 50%
2 - 0% - 50%
44 Forward
1 - 100% - 50% - 1:26
2 - 0% - 50% - 0:00
44 Defense
1 - 100% - 50% - 1:26
2 - 0% - 50% - 0:00
Last Minute Offensive  - 0:00
Last Minute Defensive  - 0:00
Total
Forward - 60:00
Defense - 60:00

% Time on Ice - Senators

Lines # - Real PCT - Wanted PCT - Time Play
Normal Forward
1 - 31% - 30% - 13:20
2 - 27% - 30% - 11:21
3 - 30% - 30% - 12:51
4 - 12% - 10% - 5:12
Normal Defense
1 - 34% - 40% - 14:23
2 - 32% - 30% - 13:40
3 - 21% - 20% - 9:05
4 - 13% - 10% - 5:36
PP Forward
1 - 59% - 60% - 6:23
2 - 41% - 40% - 4:29
PP Defense
1 - 59% - 60% - 6:22
2 - 41% - 40% - 4:30
PK Forward
1 - 63% - 60% - 3:07
2 - 37% - 40% - 1:51
PK Defense
1 - 75% - 60% - 3:43
2 - 25% - 40% - 1:15
PK3 Forward
1 - 0% - 60%
2 - 0% - 40%
PK3 Defense
1 - 0% - 60%
2 - 0% - 40%
44 Forward
1 - 55% - 60% - 0:47
2 - 45% - 40% - 0:39
44 Defense
1 - 45% - 60% - 0:39
2 - 55% - 40% - 0:47
Last Minute Offensive  - 0:00
Last Minute Defensive  - 0:00
Total
Forward - 60:00
Defense - 60:00

Play by Play

1st period


0:01 of 1st period - Claude Giroux wins face-off versus Eric Staal in neutral zone.
0:26 of 1st period - Shot by Claude Giroux.
0:26 of 1st period - Stopped by Mike Smith with a rebound.
0:31 of 1st period - Icing by Duncan Keith.
0:32 of 1st period - Sidney Crosby wins face-off versus Eric Staal in Hurricanes zone.
0:55 of 1st period - Shot by Sidney Crosby.
0:55 of 1st period - Stopped by Mike Smith without a rebound.
0:56 of 1st period - Jason Spezza wins face-off versus Jesse Winchester in Hurricanes zone.
1:19 of 1st period - Shot by Joffrey Lupul.
1:19 of 1st period - Shot Blocked by Dion Phaneuf.
1:39 of 1st period - Jason Spezza is hit by Matt Greene.
2:24 of 1st period - Off-side.
2:25 of 1st period - Warren Peters wins face-off versus Claude Giroux in neutral zone.
2:37 of 1st period - Minor Penalty to Maxim Lapierre for Goalie Interference.
2:38 of 1st period - Jeff Halpern wins face-off versus Sidney Crosby in Hurricanes zone.
3:10 of 1st period - Matt Greene is hit by David Clarkson and loses puck.
4:43 of 1st period - Joffrey Lupul is hit by Dion Phaneuf.
5:12 of 1st period - Off-side.
5:13 of 1st period - Warren Peters wins face-off versus Claude Giroux in neutral zone.
5:47 of 1st period - Shot by Sheldon Brookbank.
5:47 of 1st period - Shot Misses the Net.
6:18 of 1st period - Icing by Matt Greene.
6:19 of 1st period - Eric Staal wins face-off versus Sidney Crosby in Hurricanes zone.
6:29 of 1st period - Off-side.
6:30 of 1st period - Jason Spezza wins face-off versus Jeff Halpern in neutral zone.
6:40 of 1st period - Shane OBrien is hit by David Clarkson.
6:47 of 1st period - Icing by Colin White.
6:48 of 1st period - Jason Spezza wins face-off versus Jesse Winchester in Senators zone.
7:13 of 1st period - Minor Penalty to Guillaume Latendresse for Hooking.
7:14 of 1st period - Darroll Powe wins face-off versus Craig Adams in Senators zone.
7:14 of 1st period - Duncan Keith is hit by Adrian Aucoin and loses puck.
7:21 of 1st period - Shot by Duncan Keith.
7:21 of 1st period - Deflect By Jarome Iginla.
7:21 of 1st period - Stopped by Carey Price without a rebound.
7:22 of 1st period - Darroll Powe wins face-off versus Craig Adams in Senators zone.
7:39 of 1st period - Shot by Anton Volchenkov.
7:39 of 1st period - Goal by Anton Volchenkov - Hurricanes : 1 - Senators : 0.
7:40 of 1st period - Sidney Crosby wins face-off versus Jesse Winchester in neutral zone.
7:49 of 1st period - Shot by Sidney Crosby.
7:49 of 1st period - Stopped by Mike Smith without a rebound.
7:50 of 1st period - Sidney Crosby wins face-off versus Eric Staal in Hurricanes zone.
7:59 of 1st period - Shot by James Neal.
7:59 of 1st period - Stopped by Mike Smith without a rebound.
8:00 of 1st period - Claude Giroux wins face-off versus Eric Staal in Hurricanes zone.
8:12 of 1st period - Minor Penalty to Adrian Aucoin for Hooking.
8:13 of 1st period - Guillaume Latendresse wins face-off versus Maxim Lapierre in Senators zone.
8:13 of 1st period - Guillaume Latendresse is hit by Joffrey Lupul.
8:31 of 1st period - Craig Adams is hit by Maxim Lapierre.
9:17 of 1st period - Shot by Filip Kuba.
9:17 of 1st period - Shot Misses the Net.
9:19 of 1st period - Shot by Filip Kuba.
9:19 of 1st period - Shot Misses the Net.
9:21 of 1st period - Shot by Jarome Iginla.
9:21 of 1st period - Stopped by Carey Price with a rebound.
9:23 of 1st period - Shot by Jarome Iginla.
9:23 of 1st period - Shot Misses the Net.
9:25 of 1st period - Shot by Chad LaRose.
9:25 of 1st period - Stopped by Carey Price without a rebound.
9:26 of 1st period - Chad LaRose wins face-off versus Jay Pandolfo in Senators zone.
9:53 of 1st period - Shot by Jarome Iginla.
9:53 of 1st period - Shot Misses the Net.
10:19 of 1st period - Shot by Warren Peters.
10:19 of 1st period - Stopped by Carey Price without a rebound.
10:20 of 1st period - Sidney Crosby wins face-off versus Jesse Winchester in Senators zone.
10:26 of 1st period - Off-side.
10:27 of 1st period - Sidney Crosby wins face-off versus Jesse Winchester in neutral zone.
10:36 of 1st period - Shot by Jim OBrien.
10:36 of 1st period - Shot Misses the Net.
10:38 of 1st period - Shot by Jim OBrien.
10:38 of 1st period - Shot Blocked by Jesse Winchester.
10:42 of 1st period - Shot by James Neal.
10:42 of 1st period - Stopped by Mike Smith with a rebound.
10:44 of 1st period - Shot by Sidney Crosby.
10:44 of 1st period - Shot Misses the Net.
10:48 of 1st period - Shot by Sidney Crosby.
10:48 of 1st period - Deflect By James Neal.
10:48 of 1st period - Shot Blocked by Ryan Wilson.
11:21 of 1st period - Icing by Ryan Wilson.
11:22 of 1st period - Jason Spezza wins face-off versus Jesse Winchester in Hurricanes zone.
12:13 of 1st period - Shot by Eric Staal.
12:13 of 1st period - Stopped by Carey Price without a rebound.
12:14 of 1st period - Darroll Powe wins face-off versus Claude Giroux in Senators zone.
12:38 of 1st period - Shot by Darroll Powe.
12:38 of 1st period - Stopped by Carey Price without a rebound.
12:39 of 1st period - Warren Peters wins face-off versus Sidney Crosby in Senators zone.
13:22 of 1st period - Icing by Adrian Aucoin.
13:23 of 1st period - Sidney Crosby wins face-off versus Eric Staal in Senators zone.
14:06 of 1st period - Shot by Jarome Iginla.
14:06 of 1st period - Shot Misses the Net.
14:13 of 1st period - Icing by Joni Pitkanen.
14:14 of 1st period - Jeff Halpern wins face-off versus Claude Giroux in Senators zone.
15:00 of 1st period - Duncan Keith is hit by David Clarkson and loses puck.
15:12 of 1st period - David Clarkson is hit by Duncan Keith and loses puck.
15:15 of 1st period - Shot by Steve Staios.
15:15 of 1st period - Stopped by Mike Smith without a rebound.
15:16 of 1st period - Eric Staal wins face-off versus Sidney Crosby in Hurricanes zone.
15:33 of 1st period - Shot by Jarome Iginla.
15:33 of 1st period - Stopped by Carey Price without a rebound.
15:34 of 1st period - Jesse Winchester wins face-off versus Jason Spezza in Senators zone.
16:13 of 1st period - Icing by Dion Phaneuf.
16:14 of 1st period - Eric Staal wins face-off versus Jason Spezza in Senators zone.
16:21 of 1st period - Shot by Matt Greene.
16:21 of 1st period - Stopped by Carey Price without a rebound.
16:22 of 1st period - Sidney Crosby wins face-off versus Eric Staal in Senators zone.
16:22 of 1st period - Sidney Crosby is hit by Chad LaRose.
16:52 of 1st period - Shot by Matt Greene.
16:52 of 1st period - Shot Blocked by Anton Stralman.
17:02 of 1st period - Shot by James Neal.
17:02 of 1st period - Deflect By Sidney Crosby.
17:02 of 1st period - Stopped by Mike Smith with a rebound.
17:11 of 1st period - Icing by Matt Greene.
17:12 of 1st period - Claude Giroux wins face-off versus Chad LaRose in Hurricanes zone.
18:41 of 1st period - Shot by Daniel Winnik.
18:41 of 1st period - Goal by Daniel Winnik - Hurricanes : 2 - Senators : 0.
18:42 of 1st period - Warren Peters wins face-off versus Sidney Crosby in neutral zone.
18:52 of 1st period - Shot by Sheldon Brookbank.
18:52 of 1st period - Shot Misses the Net.
18:54 of 1st period - Shot by Sheldon Brookbank.
18:54 of 1st period - Shot Misses the Net.
18:56 of 1st period - Shot by Warren Peters.
18:56 of 1st period - Shot Blocked by Adrian Aucoin.
18:58 of 1st period - Shot by Sheldon Brookbank.
18:58 of 1st period - Stopped by Carey Price without a rebound.
18:59 of 1st period - Jeff Halpern wins face-off versus Claude Giroux in Senators zone.
19:15 of 1st period - Icing by Claude Giroux.
19:16 of 1st period - Chad LaRose wins face-off versus Claude Giroux in Senators zone.
19:17 of 1st period - Shot by Jarome Iginla.
19:17 of 1st period - Shot Misses the Net.

2nd period


0:01 of 2nd period - Jesse Winchester wins face-off versus Sidney Crosby in neutral zone.
1:04 of 2nd period - Icing by Anton Volchenkov.
1:05 of 2nd period - Jason Spezza wins face-off versus Eric Staal in Hurricanes zone.
1:14 of 2nd period - Shot by David Clarkson.
1:14 of 2nd period - Shot Blocked by Matt Greene.
1:17 of 2nd period - Icing by Matt Greene.
1:18 of 2nd period - Claude Giroux wins face-off versus Eric Staal in Hurricanes zone.
1:21 of 2nd period - Shot by Claude Giroux.
1:21 of 2nd period - Stopped by Mike Smith without a rebound.
1:22 of 2nd period - Jason Spezza wins face-off versus Jeff Halpern in Hurricanes zone.
1:25 of 2nd period - Shot by David Clarkson.
1:25 of 2nd period - Stopped by Mike Smith with a rebound.
1:27 of 2nd period - Shot by Colin White.
1:27 of 2nd period - Stopped by Mike Smith without a rebound.
1:28 of 2nd period - Jason Spezza wins face-off versus Daniel Winnik in Hurricanes zone.
1:32 of 2nd period - David Clarkson is hit by Duncan Keith and loses puck.
1:39 of 2nd period - Shot by Guillaume Latendresse.
1:39 of 2nd period - Stopped by Mike Smith without a rebound.
1:40 of 2nd period - Claude Giroux wins face-off versus Jesse Winchester in Hurricanes zone.
1:49 of 2nd period - Shot by Claude Giroux.
1:49 of 2nd period - Shot Misses the Net.
2:15 of 2nd period - Shot by Daniel Sedin.
2:15 of 2nd period - Shot Blocked by Joffrey Lupul.
2:30 of 2nd period - Icing by Matt Greene.
2:31 of 2nd period - Jason Spezza wins face-off versus Jesse Winchester in Hurricanes zone.
2:34 of 2nd period - Shot by David Clarkson.
2:34 of 2nd period - Goal by David Clarkson - Hurricanes : 2 - Senators : 1.
2:35 of 2nd period - Eric Staal wins face-off versus Jason Spezza in neutral zone.
2:46 of 2nd period - Jarome Iginla is hit by David Clarkson and loses puck.
2:54 of 2nd period - David Clarkson is hit by Filip Kuba and loses puck.
3:02 of 2nd period - Filip Kuba is hit by David Clarkson and loses puck.
3:03 of 2nd period - Double Minor Penalty to David Clarkson for High sticking.
3:04 of 2nd period - Craig Adams wins face-off versus Maxim Lapierre in Senators zone.
3:04 of 2nd period - Craig Adams is hit by Maxim Lapierre.
3:23 of 2nd period - Off-side.
3:24 of 2nd period - Craig Adams wins face-off versus Darroll Powe in neutral zone.
4:25 of 2nd period - Shot by Duncan Keith.
4:25 of 2nd period - Stopped by Carey Price with a rebound.
4:27 of 2nd period - Shot by Duncan Keith.
4:27 of 2nd period - Shot Misses the Net.
4:29 of 2nd period - Shot by Duncan Keith.
4:29 of 2nd period - Shot Misses the Net.
4:31 of 2nd period - Shot by Ryan Wilson.
4:31 of 2nd period - Stopped by Carey Price without a rebound.
4:32 of 2nd period - Jay Pandolfo wins face-off versus Maxim Lapierre in Senators zone.
4:32 of 2nd period - Jay Pandolfo is hit by Joffrey Lupul.
4:46 of 2nd period - Shot by Ryan Wilson.
4:46 of 2nd period - Stopped by Carey Price with a rebound.
4:58 of 2nd period - Shot by Duncan Keith.
4:58 of 2nd period - Stopped by Carey Price with a rebound.
5:11 of 2nd period - Daniel Sedin is hit by Duncan Keith and loses puck.
5:36 of 2nd period - Minor Penalty to Ryan Wilson for High sticking.
5:37 of 2nd period - Sidney Crosby wins face-off versus Jeff Halpern in Hurricanes zone.
5:57 of 2nd period - Sidney Crosby is hit by Shane OBrien.
6:52 of 2nd period - Shot by Daniel Sedin.
6:52 of 2nd period - Shot Hit the Post.
7:28 of 2nd period - Shot by Dion Phaneuf.
7:28 of 2nd period - Shot Misses the Net.
7:30 of 2nd period - Shot by James Neal.
7:30 of 2nd period - Stopped by Mike Smith with a rebound.
7:32 of 2nd period - Shot by Colin White.
7:32 of 2nd period - Stopped by Mike Smith without a rebound.
7:33 of 2nd period - Eric Staal wins face-off versus Daniel Sedin in Hurricanes zone.
7:44 of 2nd period - Shot by Jim OBrien.
7:44 of 2nd period - Shot Misses the Net.
7:46 of 2nd period - Shot by Jay Pandolfo.
7:46 of 2nd period - Stopped by Mike Smith without a rebound.
7:47 of 2nd period - Warren Peters wins face-off versus Claude Giroux in Hurricanes zone.
8:15 of 2nd period - Joni Pitkanen is hit by Duncan Keith and loses puck.
8:41 of 2nd period - Anton Volchenkov is hit by Craig Adams and loses puck.
9:29 of 2nd period - Shot by Sidney Crosby.
9:29 of 2nd period - Stopped by Mike Smith without a rebound.
9:30 of 2nd period - Eric Staal wins face-off versus Jason Spezza in Hurricanes zone.
9:53 of 2nd period - Jason Spezza is hit by Shane OBrien.
10:10 of 2nd period - Eric Staal is hit by Dion Phaneuf and loses puck.
10:39 of 2nd period - Duncan Keith is hit by James Neal and loses puck.
10:54 of 2nd period - Shot by Sidney Crosby.
10:54 of 2nd period - Stopped by Mike Smith with a rebound.
10:56 of 2nd period - Shot by Jim OBrien.
10:56 of 2nd period - Deflect By Sidney Crosby.
10:56 of 2nd period - Shot Misses the Net.
10:58 of 2nd period - Shot by James Neal.
10:58 of 2nd period - Goal by James Neal - Hurricanes : 2 - Senators : 2.
10:59 of 2nd period - Warren Peters wins face-off versus Jay Pandolfo in neutral zone.
11:16 of 2nd period - Shot by Sheldon Brookbank.
11:16 of 2nd period - Shot Misses the Net.
11:53 of 2nd period - Shot by David Clarkson.
11:53 of 2nd period - Shot Misses the Net.
12:40 of 2nd period - Shot by Craig Adams.
12:40 of 2nd period - Shot Blocked by Duncan Keith.
12:42 of 2nd period - Shot by Claude Giroux.
12:42 of 2nd period - Shot Blocked by Duncan Keith.
12:44 of 2nd period - Shot by Craig Adams.
12:44 of 2nd period - Stopped by Mike Smith without a rebound.
12:45 of 2nd period - Eric Staal wins face-off versus Sidney Crosby in Hurricanes zone.
13:13 of 2nd period - Shot by James Neal.
13:13 of 2nd period - Stopped by Mike Smith without a rebound.
13:14 of 2nd period - Jeff Halpern wins face-off versus Claude Giroux in Hurricanes zone.
13:39 of 2nd period - Icing by Filip Kuba.
13:40 of 2nd period - Jason Spezza wins face-off versus Daniel Winnik in Hurricanes zone.
13:55 of 2nd period - Shot by Jason Spezza.
13:55 of 2nd period - Shot Misses the Net.
13:57 of 2nd period - Shot by Jared Cowen.
13:57 of 2nd period - Shot Misses the Net.
14:17 of 2nd period - David Clarkson is hit by Duncan Keith and loses puck.
14:40 of 2nd period - Shot by Daniel Sedin.
14:40 of 2nd period - Goal by Daniel Sedin - Hurricanes : 2 - Senators : 3.
14:41 of 2nd period - Sidney Crosby wins face-off versus Jarome Iginla in neutral zone.
14:41 of 2nd period - James Neal is hit by Chad LaRose and loses puck.
15:31 of 2nd period - Minor Penalty to Jesse Winchester for Tripping.
15:32 of 2nd period - Jason Spezza wins face-off versus Jeff Halpern in Hurricanes zone.
15:44 of 2nd period - Shot by Daniel Sedin.
15:44 of 2nd period - Stopped by Mike Smith without a rebound.
15:45 of 2nd period - Jason Spezza wins face-off versus Darroll Powe in Hurricanes zone.
15:50 of 2nd period - Shot by Daniel Sedin.
15:50 of 2nd period - Shot Misses the Net.
15:52 of 2nd period - Shot by Claude Giroux.
15:52 of 2nd period - Stopped by Mike Smith with a rebound.
16:39 of 2nd period - Shot by Dion Phaneuf.
16:39 of 2nd period - Shot Blocked by Anton Volchenkov.
17:05 of 2nd period - Shot by James Neal.
17:05 of 2nd period - Shot Blocked by Duncan Keith.
17:07 of 2nd period - Shot by James Neal.
17:07 of 2nd period - Goal by James Neal - Hurricanes : 2 - Senators : 4.
17:08 of 2nd period - Jesse Winchester wins face-off versus Jay Pandolfo in neutral zone.
17:26 of 2nd period - Minor Penalty to Jason Chimera for High sticking.
17:27 of 2nd period - Jason Spezza wins face-off versus Eric Staal in Hurricanes zone.
18:39 of 2nd period - Icing by Dion Phaneuf.
18:40 of 2nd period - Jeff Halpern wins face-off versus David Clarkson in Senators zone.
18:57 of 2nd period - Shot by Sidney Crosby.
18:57 of 2nd period - Stopped by Mike Smith with a rebound.
18:59 of 2nd period - Shot by Colin White.
18:59 of 2nd period - Stopped by Mike Smith with a rebound.
19:30 of 2nd period - Shot by Jim OBrien.
19:30 of 2nd period - Shot Misses the Net.
19:38 of 2nd period - Shot by Kaspars Daugavins.
19:38 of 2nd period - Stopped by Mike Smith without a rebound.
19:39 of 2nd period - Jim OBrien wins face-off versus Warren Peters in Hurricanes zone.
19:53 of 2nd period - Ryan Wilson is hit by Kaspars Daugavins and loses puck.

3rd period


0:01 of 3rd period - Eric Staal wins face-off versus Sidney Crosby in neutral zone.
0:27 of 3rd period - Shot by Eric Staal.
0:27 of 3rd period - Shot Blocked by Adrian Aucoin.
1:05 of 3rd period - Icing by Jason Chimera.
1:06 of 3rd period - Joffrey Lupul wins face-off versus Jason Spezza in Hurricanes zone.
1:12 of 3rd period - Off-side.
1:13 of 3rd period - Jeff Halpern wins face-off versus Jason Spezza in neutral zone.
1:43 of 3rd period - Icing by Joni Pitkanen.
1:44 of 3rd period - Jesse Winchester wins face-off versus Jason Spezza in Senators zone.
2:27 of 3rd period - Icing by Jared Cowen.
2:28 of 3rd period - Eric Staal wins face-off versus Jason Spezza in Senators zone.
3:19 of 3rd period - Shot by Sidney Crosby.
3:19 of 3rd period - Shot Misses the Net.
3:21 of 3rd period - Shot by Jim OBrien.
3:21 of 3rd period - Shot Misses the Net.
3:23 of 3rd period - Shot by James Neal.
3:23 of 3rd period - Shot Misses the Net.
3:25 of 3rd period - Shot by Jim OBrien.
3:25 of 3rd period - Deflect By James Neal.
3:25 of 3rd period - Shot Misses the Net.
3:27 of 3rd period - Shot by Adrian Aucoin.
3:27 of 3rd period - Stopped by Mike Smith without a rebound.
3:28 of 3rd period - Daniel Sedin wins face-off versus Jeff Halpern in Hurricanes zone.
4:16 of 3rd period - Minor Penalty to Jesse Winchester for Tripping.
4:17 of 3rd period - Sidney Crosby wins face-off versus Jeff Halpern in Hurricanes zone.
4:41 of 3rd period - Sidney Crosby is hit by Anton Volchenkov and loses puck.
4:46 of 3rd period - Shot by David Clarkson.
4:46 of 3rd period - Deflect By James Neal.
4:46 of 3rd period - Stopped by Mike Smith with a rebound.
4:48 of 3rd period - Shot by Sidney Crosby.
4:48 of 3rd period - Shot Misses the Net.
5:56 of 3rd period - Shot by Sidney Crosby.
5:56 of 3rd period - Stopped by Mike Smith without a rebound.
5:57 of 3rd period - Jason Spezza wins face-off versus Darroll Powe in Hurricanes zone.
6:17 of 3rd period - Jason Spezza is hit by Shane OBrien and loses puck.
6:30 of 3rd period - Shot by Jim OBrien.
6:30 of 3rd period - Stopped by Mike Smith with a rebound.
6:32 of 3rd period - Shot by Anton Stralman.
6:32 of 3rd period - Shot Blocked by Shane OBrien.
7:38 of 3rd period - Icing by Dion Phaneuf.
7:39 of 3rd period - Warren Peters wins face-off versus Jason Spezza in Senators zone.
8:45 of 3rd period - Off-side.
8:46 of 3rd period - Sidney Crosby wins face-off versus Jesse Winchester in neutral zone.
8:55 of 3rd period - Shot by James Neal.
8:55 of 3rd period - Shot Blocked by Jesse Winchester.
9:00 of 3rd period - Sidney Crosby is hit by Matt Greene and loses puck.
9:25 of 3rd period - Shot by James Neal.
9:25 of 3rd period - Stopped by Mike Smith with a rebound.
9:44 of 3rd period - Icing by Joffrey Lupul.
9:45 of 3rd period - Jason Spezza wins face-off versus Jesse Winchester in Hurricanes zone.
9:45 of 3rd period - Jared Cowen is hit by Matt Greene and loses puck.
9:52 of 3rd period - Shot by Guillaume Latendresse.
9:52 of 3rd period - Shot Blocked by Anton Volchenkov.
9:54 of 3rd period - Shot by Guillaume Latendresse.
9:54 of 3rd period - Stopped by Mike Smith without a rebound.
9:55 of 3rd period - Jason Spezza wins face-off versus Eric Staal in Hurricanes zone.
10:02 of 3rd period - Shot by Jason Spezza.
10:02 of 3rd period - Shot Misses the Net.
10:16 of 3rd period - Shot by Guillaume Latendresse.
10:16 of 3rd period - Shot Misses the Net.
10:18 of 3rd period - Shot by Jason Spezza.
10:18 of 3rd period - Deflect By David Clarkson.
10:18 of 3rd period - Stopped by Mike Smith without a rebound.
10:19 of 3rd period - Sidney Crosby wins face-off versus Jeff Halpern in Hurricanes zone.
10:19 of 3rd period - Dion Phaneuf is hit by Shane OBrien.
10:20 of 3rd period - Minor Penalty to Ryan Wilson for High sticking.
10:21 of 3rd period - Daniel Sedin wins face-off versus Darroll Powe in Hurricanes zone.
10:26 of 3rd period - Shot by Claude Giroux.
10:26 of 3rd period - Stopped by Mike Smith without a rebound.
10:27 of 3rd period - Darroll Powe wins face-off versus Sidney Crosby in Hurricanes zone.
10:27 of 3rd period - Darroll Powe is hit by James Neal.
11:07 of 3rd period - Shot by Anton Stralman.
11:07 of 3rd period - Goal by Anton Stralman - Hurricanes : 2 - Senators : 5.
11:08 of 3rd period - Claude Giroux wins face-off versus Eric Staal in neutral zone.
11:24 of 3rd period - Claude Giroux is hit by Shane OBrien and loses puck.
11:32 of 3rd period - Icing by Ryan Wilson.
11:33 of 3rd period - Eric Staal wins face-off versus Jay Pandolfo in Hurricanes zone.
11:49 of 3rd period - Kaspars Daugavins is hit by Shane OBrien and loses puck.
12:11 of 3rd period - Icing by Adrian Aucoin.
12:12 of 3rd period - Jason Chimera wins face-off versus Jay Pandolfo in Senators zone.
12:39 of 3rd period - Jesse Winchester is hit by Craig Adams and loses puck.
12:58 of 3rd period - Shot by Joni Pitkanen.
12:58 of 3rd period - Shot Blocked by Anton Volchenkov.
13:36 of 3rd period - Shot by Duncan Keith.
13:36 of 3rd period - Stopped by Carey Price with a rebound.
14:10 of 3rd period - Shot by Jason Spezza.
14:10 of 3rd period - Stopped by Mike Smith without a rebound.
14:11 of 3rd period - Eric Staal wins face-off versus Sidney Crosby in Hurricanes zone.
14:11 of 3rd period - Eric Staal is hit by James Neal.
14:17 of 3rd period - Shot by Jarome Iginla.
14:17 of 3rd period - Shot Misses the Net.
14:21 of 3rd period - Shot by Chad LaRose.
14:21 of 3rd period - Shot Misses the Net.
14:26 of 3rd period - Icing by Adrian Aucoin.
14:27 of 3rd period - Sidney Crosby wins face-off versus Sheldon Brookbank in Senators zone.
14:36 of 3rd period - Shot by Sidney Crosby.
14:36 of 3rd period - Stopped by Mike Smith with a rebound.
14:39 of 3rd period - Icing by Ryan Wilson.
14:40 of 3rd period - Warren Peters wins face-off versus Jason Spezza in Hurricanes zone.
15:15 of 3rd period - Shot by David Clarkson.
15:15 of 3rd period - Shot Misses the Net.
16:26 of 3rd period - Shot by Daniel Sedin.
16:26 of 3rd period - Shot Misses the Net.
16:28 of 3rd period - Shot by Joni Pitkanen.
16:28 of 3rd period - Stopped by Mike Smith without a rebound.
16:29 of 3rd period - Jesse Winchester wins face-off versus Claude Giroux in Hurricanes zone.
16:41 of 3rd period - Shot by Jason Chimera.
16:41 of 3rd period - Shot Misses the Net.
16:43 of 3rd period - Shot by Anton Volchenkov.
16:43 of 3rd period - Shot Misses the Net.
16:45 of 3rd period - Shot by Anton Volchenkov.
16:45 of 3rd period - Shot Blocked by Steve Staios.
17:01 of 3rd period - Shot by Jason Chimera.
17:01 of 3rd period - Stopped by Carey Price without a rebound.
17:02 of 3rd period - Jason Spezza wins face-off versus Jeff Halpern in Senators zone.
17:06 of 3rd period - Jared Cowen is hit by Duncan Keith and loses puck.
17:19 of 3rd period - Icing by David Clarkson.
17:20 of 3rd period - Jason Spezza wins face-off versus Eric Staal in Senators zone.
17:20 of 3rd period - Jason Spezza is hit by Chad LaRose.
17:21 of 3rd period - Minor Penalty to Chad LaRose for High sticking.
17:22 of 3rd period - Darroll Powe wins face-off versus Sidney Crosby in Hurricanes zone.
17:43 of 3rd period - Shot by James Neal.
17:43 of 3rd period - Stopped by Mike Smith without a rebound.
17:44 of 3rd period - Jason Spezza wins face-off versus Jeff Halpern in Hurricanes zone.
18:11 of 3rd period - Shot by Jason Spezza.
18:11 of 3rd period - Stopped by Mike Smith without a rebound.
18:12 of 3rd period - Sidney Crosby wins face-off versus Daniel Winnik in Hurricanes zone.
18:33 of 3rd period - Darroll Powe is hit by David Clarkson and loses puck.
18:48 of 3rd period - Icing by Anton Stralman.
18:49 of 3rd period - Darroll Powe wins face-off versus Sidney Crosby in Senators zone.


Output by the SimonT Hockey Simulator (STHS) for Stephane Roy -- Original Page W3C XHTML 1.0 Valid
Hockey Simulator - Hockey Simulation - Hockey Manager